Map: Vigía EE

Players

TATORREA

  • Race: Protoss Protoss
  • League: Silver
  • Spawn Location: 9:00

MrFercho

  • Race: Zerg Zerg
  • League: Silver
  • Spawn Location: 9:00

tigro

  • Race: Terran Terran
  • League: Bronze
  • Spawn Location: 12:00

baddude

  • Race: Zerg Zerg
  • League: Silver
  • Spawn Location: 6:00

Sepharite

  • Race: Protoss Protoss
  • Spawn Location: 5:00

KiraLacus

  • Race: Terran Terran
  • League: Gold
  • Spawn Location: 5:00

VOD

Have the link to the VOD?

Description

Time

  • Played on: May 25, 2020, 9:23 p.m.
  • Length: 8:47
Show
View Real Time Build Order
Export as new Build Order

TATORREA Protoss 

Build Orders:  

Get SALT Encoding   

  12  0:03  Probe  
  13  0:20  Probe  
  14  0:32  Probe  
  15  0:38  Pylon  
  15  0:56  Probe  
  16  1:08  Probe  
  17  1:20  Gateway  
  17  1:26  Probe  
  18  1:38  Probe  
  19  1:42  Assimilator  
  19  1:50  Probe  
  20  2:01  Nexus  
  20  2:02  Probe  
  21  2:10  Gateway  
  21  2:14  Probe  
  22  2:16  Cybernetics Core  
  22  2:18  Pylon  
  22  2:22  Pylon  
  22  2:27  Forge  
  22  2:35  Probe  
  23  2:38  Assimilator  
  23  3:06  Probe  
  24  3:18  Probe  
  25  3:30  Probe  
  25  3:33  Protoss Ground Weapons Level 1  
  26  3:35  Warp Gate, Probe  
  27  3:45  Gateway  
  27  3:47  Gateway, Probe  
  27  3:48  Gateway, Probe  
  29  3:59  Probe  
  29  4:00  Probe  
  29  4:01  Stargate  
  31  4:04  Twilight Council  
  31  4:12  Probe x2  
  33  4:20  Stalker (Chrono Boost)  
  33  4:21  Stalker (Chrono Boost)  
  33  4:24  Probe  
  38  4:25  Probe  
  39  4:36  Probe  
  39  4:37  Probe  
  41  4:44  Stalker (Chrono Boost)  
  45  4:48  Probe  
  45  4:49  Probe  
  45  4:51  Stalker (Chrono Boost)  
  45  4:52  Stalker (Chrono Boost)  
  51  4:56  Stalker (Chrono Boost)  
  51  5:00  Probe  
  51  5:01  Probe  
  53  5:12  Probe  
  54  5:14  Assimilator  
  54  5:18  Assimilator  
  54  5:22  Pylon  
  54  5:26  Pylon  
  54  5:29  Pylon  
  54  5:33  Pylon  
  54  5:37  Charge, Pylon  
  54  5:40  Oracle, Probe x2  
  59  6:10  Probe x2, Nexus  
  61  6:14  Stalker x3  
  61  6:15  Stalker x2  
  71  6:35  Robotics Facility  
  71  6:39  Probe x2  
  73  6:51  Probe x2  
  66  7:03  Probe  
  62  7:08  Stalker  
  62  7:09  Stalker x3  
  62  7:10  Stalker  
  21  8:02  Stalker  
  21  8:03  Stalker x3  
  21  8:04  Stalker  
  39  8:27  Stalker  
  39  8:28  Stalker  
  39  8:29  Zealot  
Show
View Real Time Build Order
Export as new Build Order

MrFercho Zerg 

Build Orders: Hatch First 

Get SALT Encoding   

  12  0:01  Drone  
  13  0:14  Drone  
  13  0:17  Overlord  
  14  0:35  Drone x2  
  15  0:41  Extractor  
  15  0:49  Drone  
  17  0:50  Drone  
  17  1:03  Drone  
  18  1:18  Drone  
  19  1:20  Hatchery  
  19  1:25  Drone  
  19  1:26  Spawning Pool  
  19  1:30  Overlord  
  18  1:51  Drone  
  19  1:58  Drone  
  20  2:11  Drone  
  21  2:20  Drone  
  21  2:22  Queen  
  24  2:34  Drone  
  24  2:36  Drone x2  
  27  2:40  Queen  
  29  2:59  Lair  
  29  3:07  Zergling x4  
  31  3:18  Evolution Chamber  
  30  3:26  Spine Crawler  
  29  3:28  Drone x2  
  29  3:29  Drone x3  
  34  3:45  Zerg Missile Weapons Level 1  
  34  3:54  Drone x2  
  36  3:55  Overlord x2  
  36  3:56  Overlord x2  
  36  4:04  Extractor  
  35  4:33  Hydralisk Den  
  34  4:44  Evolution Chamber  
  33  4:57  Hatchery, Drone  
  33  4:58  Hatchery, Drone x5  
  37  5:06  Extractor  
  36  5:07  Extractor  
  36  5:14  Hydralisk x3  
  41  5:44  Spine Crawler  
  40  6:13  Hydralisk x3  
  40  6:14  Hydralisk x3  
  52  6:19  Drone x3  
  52  6:20  Overlord, Drone x2  
  57  6:30  Zerg Ground Armor Level 1  
  35  7:56  Hydralisk x3  
  35  7:57  Hydralisk x6  
Show
View Real Time Build Order
Export as new Build Order

tigro Terran 

Build Orders:  

Get SALT Encoding   

  12  0:03  SCV  
  13  0:15  SCV  
  14  0:22  Supply Depot  
  14  0:27  SCV  
  15  0:37  Refinery  
  15  0:43  SCV  
  16  1:00  Barracks  
  16  1:05  SCV  
  17  1:17  Supply Depot, SCV  
  18  1:22  Refinery  
  18  1:29  SCV  
  19  1:41  SCV  
  20  1:47  Marine  
  20  1:53  SCV  
  22  2:05  Marine, SCV  
  22  2:06  Barracks  
  24  2:17  SCV  
  25  2:23  Marine  
  26  2:31  Orbital Command  
  26  2:40  Marine, Engineering Bay  
  27  2:57  Barracks Tech Lab  
  27  2:58  Marine  
  27  3:02  SCV  
  29  3:22  Factory  
  29  3:23  Barracks Tech Lab  
  29  3:25  Combat Shield  
  29  3:28  Marine  
  29  3:29  Command Center  
  30  3:44  Stimpack  
  32  3:48  Marauder  
  32  3:51  Marine  
  33  4:09  Marine x2  
  35  4:18  Armory  
  35  4:26  Factory Tech Lab  
  35  4:44  Concussive Shells  
  35  4:50  Widow Mine  
  37  4:59  Terran Infantry Weapons Level 1  
  37  5:08  Starport  
  37  5:11  Siege Tank  
  40  5:19  Planetary Fortress, Refinery  
  40  5:29  SCV  
  41  5:41  SCV  
  42  5:45  Starport  
  42  5:53  SCV  
  43  5:57  Drilling Claws  
  43  6:05  SCV  
  44  6:11  Medivac  
  44  6:17  SCV  
  47  6:25  Fusion Core  
  47  6:27  Refinery  
  47  6:43  Starport Tech Lab  
  47  6:53  Terran Infantry Armor Level 1  
  47  7:43  Starport Tech Lab  
  47  7:45  Banshee  
  47  7:50  Marine  
  45  7:53  Marine  
  39  8:02  Banshee  
  42  8:08  Marine  
  42  8:11  Marine  
  44  8:16  Hellion  
  44  8:26  Marine  
  45  8:28  Marine  
Show
View Real Time Build Order
Export as new Build Order

baddude Zerg 

Build Orders: Hatch First 

Get SALT Encoding   

  12  0:16  Overlord  
  12  0:20  Drone x2  
  14  0:48  Drone  
  15  0:50  Drone  
  15  0:51  Hatchery  
  15  0:54  Drone  
  16  1:01  Drone  
  17  1:17  Spawning Pool  
  17  1:18  Extractor  
  15  1:22  Drone  
  16  1:31  Overlord  
  16  1:35  Drone  
  17  1:46  Drone  
  18  1:55  Overlord  
  18  2:04  Queen  
  18  2:05  Queen  
  18  2:07  Drone  
  23  2:12  Drone  
  24  2:24  Drone  
  25  2:30  Metabolic Boost  
  25  2:35  Drone x2  
  27  2:45  Spine Crawler  
  26  2:55  Drone x2  
  28  2:59  Drone x2  
  28  3:04  Roach Warren  
  28  3:05  Zergling x2  
  30  3:07  Zergling x2  
  31  3:19  Drone x2  
  33  3:29  Drone x3  
  33  3:32  Extractor  
  35  3:42  Zergling x2  
  36  3:57  Roach  
  36  3:59  Roach x3  
  36  4:02  Overlord x2  
  43  4:18  Spore Crawler  
  43  4:20  Overlord  
  43  4:23  Roach x4  
  50  4:25  Overlord  
  50  4:30  Roach  
  52  4:33  Roach x3  
  58  4:40  Roach x3  
  68  4:45  Roach x2  
  70  4:53  Roach  
  70  4:59  Roach  
  72  5:03  Roach  
  74  5:12  Overlord  
  74  5:33  Roach x4  
  82  5:36  Overlord x2  
  82  5:46  Drone  
  82  5:48  Overlord  
  83  5:56  Roach  
  89  5:57  Roach x2  
  89  6:01  Ravager x3  
  92  6:06  Roach x2  
  96  6:21  Roach x3  
  96  6:24  Hatchery, Roach  
  103  6:31  Zergling x6  
  85  7:56  Roach x2  
  85  7:57  Roach x3  
  85  7:58  Roach x3  
  99  7:59  Roach x2  
  99  8:00  Roach x3  
Show
View Real Time Build Order
Export as new Build Order

Sepharite Protoss 

Build Orders:  

Get SALT Encoding   

  12  0:01  Probe  
  13  0:15  Pylon  
  13  0:18  Probe (Chrono Boost)  
  15  0:36  Probe (Chrono Boost)  
  15  0:38  Gateway  
  15  0:40  Probe (Chrono Boost)  
  16  0:52  Probe  
  17  0:58  Assimilator  
  18  1:04  Probe (Chrono Boost)  
  18  1:16  Probe (Chrono Boost)  
  19  1:19  Gateway  
  19  1:22  Probe (Chrono Boost)  
  20  1:30  Cybernetics Core  
  20  1:32  Probe  
  21  1:34  Pylon  
  21  1:44  Probe  
  22  1:47  Assimilator  
  22  1:56  Probe  
  23  2:07  Warp Gate  
  23  2:08  Probe  
  24  2:16  Stalker (Chrono Boost)  
  26  2:25  Probe  
  27  2:33  Stalker (Chrono Boost)  
  29  2:37  Probe  
  30  2:49  Pylon, Probe  
  31  2:55  Nexus  
  31  3:06  Stalker (Chrono Boost)  
  31  3:07  Probe  
  36  3:14  Stalker (Chrono Boost)  
  36  3:19  Probe  
  37  3:31  Robotics Facility  
  37  3:35  Twilight Council  
  37  3:36  Forge  
  37  3:39  Stalker  
  39  4:06  Probe  
  40  4:12  Pylon  
  40  4:14  Pylon  
  40  4:17  Pylon  
  40  4:20  Probe (Chrono Boost)  
  41  4:24  Assimilator  
  41  4:25  Probe (Chrono Boost)  
  43  4:32  Immortal  
  43  4:34  Protoss Ground Armor Level 1  
  43  4:36  Probe x2 (Chrono Boost)  
  48  4:39  Charge  
  48  4:43  Probe  
  49  4:47  Stalker  
  51  4:56  Probe  
  51  4:58  Probe  
  53  5:08  Probe  
  53  5:09  Pylon  
  53  5:11  Probe  
  53  5:13  Pylon  
  55  5:17  Stalker x2  
  55  5:20  Probe  
  60  5:23  Probe  
  61  5:30  Gateway  
  61  5:32  Probe  
  61  5:33  Gateway  
  61  5:35  Probe  
  63  5:42  Immortal  
  67  5:49  Probe x2  
  69  5:53  Assimilator  
  69  6:10  Stalker  
  69  6:11  Zealot  
  73  6:34  Probe x2  
  73  6:39  Immortal  
  79  6:43  Stalker  
  79  6:44  Zealot x2  
  79  6:46  Probe  
  79  6:47  Probe  
  87  6:59  Probe x2  
  89  7:07  Stalker x3  
  85  7:11  Probe  
  85  7:12  Probe  
  84  7:18  Immortal, Nexus  
  84  7:19  Pylon  
  88  7:26  Photon Cannon  
  88  7:28  Photon Cannon  
  88  7:45  Stalker x4  
  96  7:55  Photon Cannon  
  96  7:58  Probe  
  96  7:59  Probe  
  98  8:11  Probe x2  
  100  8:20  Stalker  
  100  8:25  Pylon  
  100  8:26  Pylon  
  100  8:28  Pylon  
Show
View Real Time Build Order
Export as new Build Order

KiraLacus Terran 

Build Orders:  

Get SALT Encoding   

  12  0:01  SCV  
  13  0:18  SCV  
  13  0:20  Supply Depot  
  14  0:35  Supply Depot  
  14  0:45  Barracks  
  14  0:59  Barracks  
  14  1:05  Refinery  
  14  1:07  SCV  
  15  1:19  SCV  
  16  1:31  SCV  
  17  1:40  Marine  
  18  1:51  Barracks Reactor  
  18  1:58  Marine  
  18  2:00  Orbital Command  
  18  2:01  Refinery  
  20  2:26  Barracks Reactor  
  20  2:28  Marine x2  
  21  2:34  SCV  
  22  2:46  Marine x2, SCV  
  25  2:53  Factory  
  25  2:58  SCV  
  26  3:04  Marine x2  
  28  3:07  Marine x2  
  30  3:15  SCV  
  31  3:27  Supply Depot  
  31  3:34  Supply Depot  
  31  3:37  Marine, SCV  
  33  3:41  Factory Tech Lab  
  33  3:48  Marine x3  
  36  3:59  Siege Tank  
  39  4:17  Starport  
  39  4:21  Marine  
  39  4:22  Marine x2  
  42  4:32  Siege Tank  
  45  4:42  Marine x3  
  48  4:53  Starport Reactor  
  48  5:00  Engineering Bay  
  51  5:07  Siege Tank  
  51  5:30  Medivac x2  
  55  5:44  Siege Tank  
  58  6:14  Viking  
  58  6:15  Viking  
  41  7:52  Viking x2  
  41  7:56  Marine x4  
  49  7:59  Siege Tank  
  52  8:14  Marine x4  
Tags
 
Add a new tag
Caveats
  • Supply blocks, unpowered buildings, or Contaminate may cause inaccurate times.
  • Supply counts are checked every 10 seconds.